 Dungeon Crawl Stone Soup version 0.29-a0-284-gf9362112df (webtiles) character file.

Game seed: 8166215011641679313

2951 spaghetti the Thaumaturge (level 10, -3/67 HPs)
             Began as a Djinni Cinder Acolyte on Mar 27, 2022.
             Was an Initiate of Ignis.
             Killed from afar by Maurice (14 damage)
             ... with an iceblast
             ... on level 8 of the Dungeon.
             The game lasted 00:12:10 (8580 turns).

spaghetti the Thaumaturge (Djinni Cinder Acolyte)   Turns: 8580, Time: 00:12:11

Health: -3/67      AC:  7    Str: 13    XL:     10   Next: 7%
Gold:   512        EV: 10    Int: 22    God:    Ignis [......] SH:  0 Dex:  9

rFire   + + +      SeeInvis .   m - +9 short sword "Geoschol" {holy, rN+ MP+9 Int+2, short}
rCold   x . .      Faith    .   (no shield)
rNeg    + + .      Spirit   .   s - +1 leather armour of Targh {Stlth+} rPois โˆž Reflect .
                                i - +1 hat
rElec   .          Harm     .   l - +0 cloak
rCorr   .          Rampage  .   y - +0 pair of gloves
Will    +....                   (boots unavailable)
Stlth   ++........              (no amulet)
HPRegen 0.21/turn               z - ring of positive energy
MPRegen 0.00/turn               (no ring)

@: attractive, flying, invisible
A: sickness immunity, fire resistance 2, cold vulnerability 1, float, innate
caster, HP casting, extra vitality 1, horns 1
a: Renounce Religion, Rising Flame


You were on level 8 of the Dungeon.
You worshipped Ignis.
Ignis was noncommittal.
You visited 1 branch of the dungeon, and saw 8 of its levels.

You collected 512 gold pieces.


Innate Abilities, Weirdness & Mutations

You are immune to sickness and miasma.
You are immune to poison.
Your flesh is very heat resistant. (rF++)
You are vulnerable to cold. (rC-)
You float through the air rather than walking.
You learn spells naturally, not from books.
Your magical power is your life essence.
You have superior vitality. (+4 MHP)
You have a pair of small horns on your head.


   Skills:
 - Level 3.0 Fighting
 - Level 3.0 Unarmed Combat
 + Level 10.5 Spellcasting


You had 18 spell levels left.
You knew the following spells:

 Your Spells              Type           Power      Damage    Failure   Level
a - Scorch                Fire           100%       2d10      1%          2
b - Foxfire               Conj/Fire      100%       2x1d9     1%          1
c - Ensorcelled Hibernat  Hex/Ice        100%       N/A       1%          2
d - Swiftness             Air            55%        N/A       1%          3
e - Sticky Flame          Conj/Fire      55%        2d7       1%          4
Your spell library was empty.

Inventory:

Hand Weapons
 m - the +9 short sword "Geoschol" (weapon) {holy, rN+ MP+9 Int+2, short}
   (You found it on level 2 of the Dungeon)

   It has been blessed by the Shining One to cause great damage to the undead
   and demons.
   Int:       It affects your intelligence (+2).
   rN:        It protects you from negative energy.
   MP:        It affects your magic capacity (+9).
Missiles
 a - 5 silver javelins {throwing}
 c - 275 stones {throwing}
 B - a curare-tipped dart {=fthrowing}
 D - 8 poisoned darts {throwing}
Armour
 i - a +1 hat (worn)
   (You found it on level 1 of the Dungeon)
 l - a +0 cloak (worn)
   (You found it on level 2 of the Dungeon)
 s - the +1 leather armour of Targh (worn) {Stlth+}
   (You found it on level 3 of the Dungeon)

   Stlth:     It makes you more stealthy.
 y - a +0 pair of gloves (worn)
   (You found it on level 5 of the Dungeon)
Jewellery
 z - a ring of positive energy (left hand)
   (You found it on level 6 of the Dungeon)
Wands
 t - a wand of iceblast (8)
   (You found it on level 8 of the Dungeon)
Scrolls
 d - 6 scrolls of teleportation {@r4}
 e - a scroll of enchant weapon
 f - 3 scrolls of enchant armour
 E - a scroll of immolation {!r!r}
Potions
 g - a potion of mutation {!q}
 j - 4 potions of lignification {!q}
 k - a potion of cancellation
 n - 2 potions of degeneration {unknown}
 p - a potion of ambrosia {unknown}
 q - 2 potions of berserk rage {unknown}
 u - 2 potions of flight {unknown}
 w - a potion of haste {@q3}
 A - a potion of curing {unknown}
 F - a potion of brilliance {unknown}

Dungeon Overview and Level Annotations

Branches:
Dungeon (8/15)             Temple (0/1) D:6
   Lair: D:8-11

Altars:
Cheibriados
Dithmenos
Nemelex Xobeh

Shops:
D:1 [(?

Annotations:
D:7 3 runed translucent doors, n8rtot's ghost, weakling SpDe
D:8 Maurice

#.# #... #.# ##..
#.# #..
#####.######### #..
#........<.)..# #..
#..#ยง.#######.# ##.
#..{..# #####.# #.
#.#.#.# #...#.# #.
#@#.###...#.#####.
#.#.#.............
#.#.........##.##.
#.###.......##.##.
#.# ###.....##.##.
#.# ##.....##....
#.####.#....##.##.
#.#.....##......#...
#.[....###.....#.###


There were no monsters in sight!


Message History

Key pressed, stopping explore.
Maurice the Thief comes into view.
He is wielding a +0 short sword and carrying a wand of iceblast (7).
As you read the scroll of identify {@r1}, it crumbles to dust.
E - a scroll of immolation Maurice shouts!
Maurice barely misses you.
You hit Maurice but do no damage. Maurice hits you but does no damage.
You closely miss Maurice.
Maurice gestures wildly while chanting.
Maurice blinks!
Maurice says, "Very interesting."
Maurice barely misses you.
You hit Maurice. Your headbutt misses Maurice.
Maurice hits you with a +0 short sword.
Maurice steals your scroll of blinking {!r}! ๐Ÿ˜• HP[-2]
You take 2 damage, and now have 65/67 hp.
You puncture Maurice! Maurice hits you with a +0 short sword.
Maurice steals your staff of death {!astaff}! ๐Ÿ˜• HP[-5]
You take 5 damage, and now have 60/67 hp.
You puncture Maurice! You headbutt Maurice, but do no damage.
Maurice says, "Have you got some gold to spare?"
Maurice gestures wildly while chanting.
Maurice puts on a burst of speed!
You hit Maurice. Your headbutt misses Maurice.
Maurice hits you but does no damage. ๐Ÿ˜• HP[+1]
You puncture Maurice! Maurice hits you with a +0 short sword.
Maurice steals your ring of resist corrosion!
Maurice puts on a ring of resist corrosion. ๐Ÿ˜• HP[-6]
You take 6 damage, and now have 55/67 hp.
You hit Maurice. You headbutt Maurice, but do no damage.
Maurice tries to hide in the shadows.
Maurice hits you with a +0 short sword.
Maurice steals your 4 potions of heal wounds {@q2}! ๐Ÿ˜• HP[-4]
You take 4 damage, and now have 51/67 hp.
You hit Maurice. Your headbutt misses Maurice. You punch Maurice.
Maurice barely misses you.
You hit Maurice. You headbutt Maurice. Maurice barely misses you. ๐Ÿ˜• HP[+1]
You miss Maurice. You headbutt Maurice.
Maurice shouts, "Mine, all mine!"
Maurice casts a spell.
Maurice flickers and vanishes!
Deactivating autopickup; reactivate with Ctrl-A.
You closely miss something.
You hear a zap.
An iceblast appears from out of thin air!
The mass of ice explodes!
The iceblast engulfs you!
You feel a painful chill!
The iceblast engulfs something! ๐Ÿ˜ฎ HP[-12]
You take 12 damage, and now have 40/67 hp.
You miss something.
You hear a zap.
An iceblast appears from out of thin air!
The mass of ice explodes!
The iceblast engulfs you!
You feel a painful chill!
* * * LOW HITPOINT WARNING * * *
The iceblast engulfs something! ๐Ÿ˜จ HP[-12]
You take 12 damage, and now have 28/67 hp.
Unknown command.
You barely miss something. Your headbutt misses something.
You hear some strange, mumbled words.
You start resting.
You hear the steady creaking of a very distant portcullis.
You hear a zap.
An iceblast appears from out of thin air!
The mass of ice explodes!
The iceblast engulfs you.
* * * LOW HITPOINT WARNING * * *
๐Ÿ˜จ HP[-1]
You take 1 damage, and now have 27/67 hp.
There is a strange disturbance nearby!
Unknown command.
Unknown command.
Unknown command.
You hear a zap.
An iceblast appears from out of thin air!
The mass of ice explodes!
The iceblast engulfs you!
You feel a painful chill!
* * * LOW HITPOINT WARNING * * *
You hear a zap.
An iceblast appears from out of thin air!
The mass of ice explodes!
The iceblast engulfs you!
You feel a painful chill!
* * * LOW HITPOINT WARNING * * *
๐Ÿ˜ฑ HP[-17]
You take 17 damage, and now have 10/67 hp.
MASSIVE DAMAGE!! (PAUSE) It was a potion of attraction.
You feel attractive to monsters. Something is attracted toward you.
It was a potion of invisibility.
You fade into invisibility!
Something completely misses you.
You hear a zap.
An iceblast appears from out of thin air!
The mass of ice explodes!
The iceblast engulfs something!
The iceblast engulfs you!
You feel a painful chill!
You die...

Skill      XL: |  1  2  3  4  5  6  7  8  9 |
---------------+----------------------------+-----
Spellcasting   | 3 4 5 7 8 10 | 10.5
Fighting       | |  3.0
Unarmed Combat | |  3.0

Action                   |  1- 3 |  4- 6 |  7- 9 | 10-12 || total
-------------------------+-------+-------+-------+-------++-------
Melee: Unarmed           |    29 |       |       |       ||    29
       Punch             |     1 |     1 |     4 |     1 ||     7
       Short sword       |     2 |    10 |   133 |    35 ||   180
       Headbutt          |       |       |     6 |     9 ||    15
 Cast: Scorch            |    38 |     5 |       |       ||    43
       Foxfire           |     3 |    15 |   103 |       ||   121
Invok: Foxfire Swarm     |       |     1 |     8 |       ||     9
  Use: Scroll            |       |       |     7 |     1 ||     8
       Potion            |       |       |     2 |     2 ||     4
 Stab: Sleeping          |       |       |     3 |       ||     3
Armor: Robe              |     3 |     3 |     9 |       ||    15
       Leather armour    |       |       |    48 |    17 ||    65
Dodge: Dodged            |    22 |     6 |    86 |    19 ||   133

Levels and vault maps discovered:
D:1:      dpeg_arrival_water_fire, layout_basic, serial_shops,
          nicolae_shop_bloodbath_and_beyond, nicolae_shop_advertising_works
          [nicolae_subvault_shop_adworks], nicolae_shop_behind_doors
D:2:      layout_basic
D:3:      layout_loops_ring, uniq_natasha
D:4:      layout_rooms, slow_altar_2, nicolae_concentric_dashed_squares_mild
D:5:      layout_rooms, kennysheep_little_box, serial_bayou_lagoon_a,
          uniq_menkaure
D:6:      layout_loops_corners, nicolae_dithmenos_the_darkroom,
          minmay_temple_entry_proselytizer, uniq_sigmund
D:7:      layout_loops_cross, biasface_ghost_orc_armoury, lightli_orcish_oven
D:8:      layout_loops_ring, enter_bailey_2, uniq_maggie, uniq_maurice

Notes
Turn   | Place    | Note
-------+----------+-------------------------------------------
     0 | D:1      | spaghetti the Djinni Cinder Acolyte began the quest for the
                  | Orb.
     0 | D:1      | Reached XP level 1. HP: 20/20 MP: 0/0
     0 | D:1      | magus.rc [v1.9.6]
   435 | D:1      | Reached XP level 2. HP: 25/25 MP: 0/0
   435 | D:1      | Found Ocralor's Magic Scroll Boutique.
   657 | D:1      | Found Septotse's Antique Armour Emporium.
   779 | D:1      | Reached skill level 3 in Spellcasting
  1121 | D:1      | Found Tyedej's Weapon Shop.
  1128 | D:1      | Reached XP level 3. HP: 28/30 MP: 0/0
  1128 | D:1      | Learned a level 1 spell: Foxfire
  2307 | D:2      | Identified the +9 short sword "Geoschol" {holy, rN+ MP+9
                  | Int+2}
  2587 | D:3      | Identified the +1 leather armour of Targh {Stlth+}
  2602 | D:3      | Noticed Natasha
  2608 | D:3      | Killed Natasha
  2609 | D:3      | Reached XP level 4. HP: 17/35 MP: 0/0
  2803 | D:3      | Noticed Natasha
  2807 | D:3      | Killed Natasha
  2808 | D:3      | Reached skill level 4 in Spellcasting
  3076 | D:3      | Noticed Natasha
  3079 | D:3      | Killed Natasha
  3080 | D:3      | Reached XP level 5. HP: 36/40 MP: 0/0
  3080 | D:3      | Learned a level 2 spell: Ensorcelled Hibernation
  3380 | D:4      | Reached XP level 6. HP: 44/46 MP: 0/0
  3386 | D:4      | Reached skill level 5 in Spellcasting
  3495 | D:4      | Noticed a steam dragon
  3505 | D:4      | Killed a steam dragon
  3648 | D:4      | Reached XP level 7. HP: 15/50 MP: 0/0
  3648 | D:4      | Learned a level 3 spell: Swiftness
  4110 | D:4      | Found a snail-covered altar of Cheibriados.
  4181 | D:4      | Reached skill level 6 in Spellcasting
  4427 | D:5      | Entered Level 5 of the Dungeon
  4621 | D:5      | Found a sparkling altar of Nemelex Xobeh.
  4783 | D:5      | Noticed Menkaure
  4789 | D:5      | Killed Menkaure
  4790 | D:5      | Reached skill level 7 in Spellcasting
  4790 | D:5      | Reached XP level 8. HP: 52/56 MP: 0/0
  5482 | D:6      | Reached skill level 8 in Spellcasting
  6137 | D:6      | Found a shadowy altar of Dithmenos.
  6138 | D:6      | Noticed Sigmund
  6146 | D:6      | Reached XP level 9. HP: 54/60 MP: 0/0
  6146 | D:6      | Learned a level 4 spell: Sticky Flame
  6149 | D:6      | Killed Sigmund
  6350 | D:6      | Found a staircase to the Ecumenical Temple.
  6362 | D:6      | Reached skill level 9 in Spellcasting
  7077 | D:7      | Found a runed translucent gate.
  7090 | D:7      | Gained mutation: You have a pair of small horns on your
                  | head. [potion of mutation]
  7192 | D:7      | Noticed n8rtot's ghost (weakling SpDe)
  7193 | D:7      | Found a runed translucent gate.
  7193 | D:7      | Found a runed translucent gate.
  7237 | D:7      | HP: 12/60 [wight/+0 spear (6)]
  7243 | D:7      | HP: 7/60 [wight/+0 spear (7)]
  7544 | D:7      | Reached skill level 10 in Spellcasting
  7819 | D:7      | Reached XP level 10. HP: 27/67 MP: 0/0
  8181 | D:7      | Noticed a skeletal warrior
  8183 | D:7      | Noticed a skeletal warrior
  8241 | D:8      | HP: 15/67 [centaur (3)]
  8552 | D:8      | Noticed Maurice
  8577 | D:8      | HP: 10/67 [something/iceblast (9)]
  8580 | D:8      | Killed from afar by Maurice

Vanquished Creatures
  Sigmund (D:6)
  2 steam dragons
  Menkaure (D:5)
  An ice beast (D:6)
  2 sky beasts
  An ogre (D:5)
  A centaur (D:8)
  A phantom (D:4)
  3 kobold brigands
  4 bullfrogs
  5 necrophages
  2 scorpions
  8 wights (D:7)
  2 hounds (D:5)
  An iron imp (D:4)
  3 jellies
  3 orc priests (D:6)
  2 iguanas
  Natasha (thrice) (D:3)
  3 orc wizards (D:6)
  5 gnolls
  4 adders
  10 orcs
  3 ball pythons
  5 endoplasms
  2 giant cockroaches
  2 goblins
  3 hobgoblins
  15 kobolds
  A quokka (D:1)
  5 bats
  5 frilled lizards
  5 rats
114 creatures vanquished.

Vanquished Creatures (others)
  298 foxfires
  29 plants (D:5)
327 creatures vanquished.

Grand Total: 441 creatures vanquished

Table legend:
 A = Non-vault XP
 B = Vault XP
 C = Vault XP percentage of total XP
 D = Non-vault monster count
 E = Vault monster count
 F = Vault count percentage of total count
                 A         B        C        D         E       F
            +---------+---------+-------+---------+---------+-------
      Total |    3694 |     522 |  12.4 |     109 |       5 |   4.4
            +---------+---------+-------+---------+---------+-------
        D:1 |      35 |       0 |   0.0 |      23 |       0 |   0.0
        D:2 |      24 |       0 |   0.0 |       7 |       0 |   0.0
        D:3 |      78 |      36 |  31.6 |       8 |       1 |  11.1
        D:4 |     530 |      43 |   7.5 |      14 |       1 |   6.7
        D:5 |     610 |     172 |  22.0 |      16 |       1 |   5.9
        D:6 |    1049 |     271 |  20.5 |      22 |       2 |   8.3
        D:7 |    1250 |       0 |   0.0 |      18 |       0 |   0.0
        D:8 |     118 |       0 |   0.0 |       1 |       0 |   0.0
            +---------+---------+-------+---------+---------+-------

Illustrated notes

Table legend:
 A = Kills in this place as a percentage of kills in entire the game.
 B = Kills by you in this place as a percentage of kills by you in the entire game.
 C = Kills by friends in this place as a percentage of kills by friends in the entire game.
 D = Other kills in this place as a percentage of other kills in the entire game.
 E = Experience gained in this place as a percentage of experience gained in the entire game.
 F = Experience gained in this place divided by the number of levels of this place that you have seen.
                   A       B       C       D       E      F
               +-------+-------+-------+-------+-------+----------------------
         Total | 100.0 | 100.0 |   N/A |   N/A | 100.0 | 527.0
       Dungeon | 100.0 | 100.0 |   N/A |   N/A | 100.0 | 527.0
               +-------+-------+-------+-------+-------+----------------------

Table legend: (Time is in decaauts)
 A = Elapsed time spent in this place.
 B = Non-inter-level travel time spent in this place.
 C = Inter-level travel time spent in this place.
 D = Time resting spent in this place.
 E = Time spent auto-exploring this place.
 F = Levels seen in this place.
 G = Mean time per level.
                   A        B        C        D        E       F      G
               +--------+--------+--------+--------+--------+-----+--------+
         Total |   8593 |   8460 |    133 |   1463 |   6008 |   8 | 1074.1 |
       Dungeon |   8593 |   8460 |    133 |   1463 |   6008 |   8 | 1074.1 |
               +--------+--------+--------+--------+--------+-----+--------+

Top non-repeatable levels by time:
     D:1: 1685 daAuts
     D:6: 1640 daAuts
     D:7: 1197 daAuts
     D:4: 1156 daAuts
     D:5: 965 daAuts
     D:3: 946 daAuts
     D:2: 640 daAuts
     D:8: 363 daAuts
